 Dungeon Crawl Stone Soup version 0.29-a0-378-gc08b2e8bf8 (webtiles) character file.

Game seed: 12115393539268989608

25 Bruhh the Skirmisher (level 3, 30/30 HPs)
             Began as a Human Monk on May 5, 2022.
             Was a Believer of Cheibriados.
             Quit the game on level 1 of the Dungeon.
             The game lasted 00:01:21 (827 turns).

Bruhh the Skirmisher (Human Monk)                    Turns: 827, Time: 00:01:22

Health: 30/30      AC:  5    Str: 19    XL:     3   Next: 17%
Magic:  3/3        EV: 12    Int: 16    God:    Cheibriados [**....]
Gold:   0          SH:  0    Dex: 21    Spells: 2/2 levels left

rFire   . . .      SeeInvis .   a - +0 mace
rCold   . . .      Faith    .   (no shield)
rNeg    . . .      Spirit   .   h - +0 ring mail
rPois   .          Reflect  .   (no helmet)
rElec   .          Harm     .   (no cloak)
rCorr   .          Rampage  .   (no gloves)
Will    .....                   (no boots)
Stlth   ++........              (no amulet)
HPRegen 0.10/turn               (no ring)
MPRegen 0.08/turn               (no ring)

@: very slow
A: no striking features
a: Renounce Religion, Bend Time


You were on level 1 of the Dungeon.
You worshipped Cheibriados.
Cheibriados was pleased with you.
You visited 1 branch of the dungeon, and saw 1 of its levels.

Inventory:

Hand Weapons
 a - a +0 mace (weapon)
Armour
 b - a +0 robe
 h - a +0 ring mail (worn)
Scrolls
 e - a scroll of amnesia {unknown}
Potions
 c - a potion of ambrosia
 d - a potion of brilliance {unknown}
 f - a potion of magic {unknown}
 g - a potion of curing {unknown}


   Skills:
 + Level 4.1 Fighting
 - Level 3.0 Maces & Flails
 - Level 3.0 Dodging
 - Level 2.0 Stealth


You had 2 spell levels left.
You didn't know any spells.
Your spell library contained the following spells:

 Spells                   Type           Power      Damage    Failure   Level
 Animate Skeleton         Necr           0%         N/A       41%         1
 Apportation              Tloc           0%         N/A       41%         1
 Summon Small Mammal      Summ           0%         N/A       41%         1


Dungeon Overview and Level Annotations

Branches:
Dungeon (1/15)

Altars:
Cheibriados

Shops:
D:1 =


Message History

The endoplasm freezes you.
You are frozen.
You hit the endoplasm but do no damage.
The endoplasm is severely wounded.
The endoplasm closely misses you.
You hit the endoplasm.
You kill the endoplasm!
You see here a +0 club.
Key pressed, stopping explore.
Key pressed, stopping explore.
Found a hand axe.
A hobgoblin comes into view.
A hobgoblin is nearby!
A hobgoblin is nearby!
A hobgoblin is nearby!
The hobgoblin shouts!
You see here a book of Cantrips.
The hobgoblin misses you.
You hit the hobgoblin.
You kill the hobgoblin!
No target in view!
No target in view!
No target in view!
You pick up a book of Cantrips and begin reading...
You add the spells Animate Skeleton, Summon Small Mammal and Apportation to your library.
You see here a hobgoblin corpse.
You see here a +0 dagger.
You open the door.
Found a faded altar of an unknown god.
There is an open door here.
There is a faded altar of an unknown god here.
You cannot tell which god this altar belongs to.
Convert to them anyway?
Cheibriados accepts your prayer! Cheibriados welcomes you!
You can now bend time to slow others.
Cheibriados raises the support of your attributes as your movement slows. x3
Cheibriados begins to support your attributes as your movement slows.
Cheibriados is now slowing the effects of poison on you.
Cheibriados raises the support of your attributes as your movement slows. x2
Are you sure you want to abandon this character and quit the game? (Confirm with "yes".)

#..#.##.# #.....#
#..#.##.# #####.######
#..#.##.# #......##
#.)#.##.########.####..#
#..#.##.......#######..#
.........##...#.....#..#
#..#.........#......#..#
#..#..####...#.###'##..#
#..#..# #...#.#@...#..#
#..#..# #..#..######..#
.#....# #..#....†.....#
###...# #..#.......#..#
##..# #..####.####..#
##.# #..#8#..# #.## ..#
##...#..+ #.# #...#..#
#.# #.###### #.#


There were no monsters in sight!

Vanquished Creatures
  4 ball pythons (D:1)
  2 bats (D:1)
  An endoplasm (D:1)
  6 hobgoblins (D:1)
  2 kobolds (D:1)
  2 quokkas (D:1)
  A frilled lizard (D:1)
  2 rats (D:1)
20 creatures vanquished.

Notes
Turn   | Place    | Note
-------+----------+-------------------------------------------
     0 | D:1      | Bruhh the Human Monk began the quest for the Orb.
     0 | D:1      | Reached XP level 1. HP: 18/18 MP: 1/1
   170 | D:1      | Reached XP level 2. HP: 19/24 MP: 2/2
   251 | D:1      | Found Buatel's Jewellery Emporium.
   512 | D:1      | Reached skill level 4 in Fighting
   512 | D:1      | Reached XP level 3. HP: 25/30 MP: 3/3
   822 | D:1      | Found a faded altar of an unknown god.
   826 | D:1      | Prayed at the altar of an unknown god.
   826 | D:1      | Became a worshipper of Cheibriados the Contemplative
   826 | D:1      | Reached * piety under Cheibriados
   826 | D:1      | Reached ** piety under Cheibriados
   827 | D:1      | Quit the game

Illustrated notes

Levels and vault maps discovered:
D:1:      dpeg_arrival_castle, layout_loops_ring,
          shapermc_ecumenical_altar_mp_vishouse, serial_shops, shop

Skill      XL: |  1  2 |
---------------+-------+-----
Fighting       | 4 |  4.1
Maces & Flails | |  3.0
Dodging        | |  3.0
Stealth        | |  2.0

Action                   || total
-------------------------++-------
Melee: Mace              ||    48
       Punch             ||     1
 Stab: Sleeping          ||     3
Armor: Robe              ||     2
Dodge: Dodged            ||    37

Table legend: (Time is in decaauts)
 A = Elapsed time spent in this place.
 B = Non-inter-level travel time spent in this place.
 C = Inter-level travel time spent in this place.
 D = Time resting spent in this place.
 E = Time spent auto-exploring this place.
 F = Levels seen in this place.
 G = Mean time per level.
                   A        B        C        D        E       F      G
               +--------+--------+--------+--------+--------+-----+--------+
         Total |    840 |    840 |      0 |      0 |    678 |   1 |  840.0 |
       Dungeon |    840 |    840 |      0 |      0 |    678 |   1 |  840.0 |
               +--------+--------+--------+--------+--------+-----+--------+

Top non-repeatable levels by time:
     D:1: 840 daAuts
